AoeStats
← 文風

Marketplace

506368674Analyzed
1v1 RM · 18d ago on Sep 13, 2026· 22m 13s· 2 players
Game mode
Random Map
Map size
Tiny (2 player)
Population
200
Speed
Normal
Resources
Standard
Victory
Conquest
Starting age
Dark Age
Ending age
Imperial Age
RankedLock teamsTeams togetherTeam positionsShared explorationLock speedFull tech treeHidden civsTurbo modeCheats
Victory
Defeat
🇭🇰 Spanish · Hong Kong SAR China
1433
+16
🇩🇪 Khmer · Germany
1423
-16
Lysicz
6:46 Loom
8:55 Feudal Age
9:26 Double-Bit Axe
15:32 Fletching
21:18 Castle Age
21:35 Padded Archer Armor
22:01 Bodkin Arrow
文風
11:57 Feudal Age
15:28 Castle Age
Connection lost

Rejoining the realm…

Still unreachable

The connection could not be restored.

Session expired

The server has moved on; the page needs a fresh start.